AoeStats
← Kez

Black Forest

508898411Analyzed
3v3 RM · 8d ago on Sep 24, 2026· 44m 55s· 6 players
Game mode
Random Map
Map size
Normal (6 player)
Population
200
Speed
Normal
Resources
Standard
Victory
Conquest
Starting age
Dark Age
Ending age
Imperial Age
RankedLock teamsTeams togetherTeam positionsShared explorationLock speedFull tech treeHidden civsTurbo modeCheats
Victory
Defeat
🇺🇸 Franks · United States
1258
+15
🇨🇳 Mongols · China
1235
+16
🇩🇪 Slavs · Germany
1217
+17
🇳🇱 Maya · Netherlands
1307
-18
🇹🇷 Japanese · Türkiye
1216
-15
🇬🇧 Magyars · United Kingdom
1205
-15
pickmyself or end
0:30 Loom
11:41 Feudal Age
12:32 Horse Collar
12:38 Double-Bit Axe
15:32 Castle Age
16:24 Bow Saw
16:40 Heavy Plow
17:44 Wheelbarrow
21:08 Stone Mining
24:04 Hand Cart
24:45 Gold Mining
29:40 Imperial Age
27:01 Town Watch
27:56 Stone Shaft Mining
27:13 Fletching
28:54 Gold Shaft Mining
28:39 Bodkin Arrow
28:45 Padded Archer Armor
28:43 Bodkin Arrow
29:48 Leather Archer Armor
30:41 Conscription
29:42 Onager
30:29 Thumb Ring
30:28 Bracer
30:14 Light Cavalry
31:04 Bloodlines
31:01 Elite Mangudai
32:01 Forging
31:56 Scale Barding Armor
31:55 Husbandry
32:41 Parthian Tactics
31:43 Capped Ram
33:29 Iron Casting
33:18 Thumb Ring
33:26 Siege Ram
34:31 Chain Barding Armor
33:36 Hussar
35:04 Drill
37:24 Ballistics
38:06 Chemistry
37:13 Siege Engineers
39:39 Masonry
39:40 Fortified Wall
40:53 Coinage
41:14 Fervor
42:10 Banking
43:09 Hoardings
Jonas
1:08 Loom
13:19 Feudal Age
17:17 Castle Age
15:46 Double-Bit Axe
15:41 Horse Collar
Azwad
9:22 Loom
11:56 Feudal Age
15:27 Castle Age
13:26 Double-Bit Axe
16:53 Bow Saw
20:07 Town Watch
21:29 Wheelbarrow
22:17 Scale Barding Armor
25:56 Hand Cart
26:21 Chain Barding Armor
26:11 Forging
25:55 Gold Mining
25:55 Stone Mining
27:49 Gold Shaft Mining
27:04 Stone Mining
27:16 Town Patrol
32:04 Imperial Age
29:37 Husbandry
30:56 Iron Casting
33:06 Conscription
32:48 Chivalry
32:49 Cavalier
34:38 Plate Barding Armor
35:03 Blast Furnace
34:55 Light Cavalry
36:03 Paladin
38:10 Blast Furnace
37:59 Fletching
42:31 Elite Throwing Axeman
43:13 Scale Mail Armor
xSantalogx
0:27 Loom
12:08 Feudal Age
13:33 Double-Bit Axe
16:44 Castle Age
15:57 Wheelbarrow
19:21 Horse Collar
30:14 Imperial Age
28:33 Gold Mining
28:54 Scale Barding Armor
30:29 Corvinian Army
30:56 Chain Barding Armor
32:38 Plate Barding Armor
34:01 Chemistry
34:54 Conscription
35:00 Ballistics
34:16 Elite Magyar Huszar
35:08 Padded Archer Armor
34:59 Fletching
35:38 Heavy Plow
36:15 Gold Shaft Mining
37:56 Bodkin Arrow
40:19 Leather Archer Armor
40:52 Thumb Ring
41:14 Parthian Tactics
41:51 Ring Archer Armor
Kez
0:27 Loom
11:43 Feudal Age
15:43 Castle Age
13:57 Double-Bit Axe
15:29 Fletching
17:19 Bow Saw
29:43 Horse Collar
31:21 Heavy Plow
35:47 Imperial Age
33:48 Scale Mail Armor
34:13 Forging
34:13 Gold Mining
35:55 Wheelbarrow
34:47 Pikeman
36:07 Squires
36:58 Eagle Warrior
38:07 Fortified Wall
38:24 Halberdier
39:22 Chain Mail Armor
39:59 Conscription
40:34 Iron Casting
39:42 Treadmill Crane
42:16 Hoardings
41:55 Masonry
41:34 Elite Eagle Warrior
42:42 Arson
43:30 Hand Cart
43:00 Town Watch
Mumei
1:38 Loom
11:14 Feudal Age
16:00 Castle Age
13:47 Double-Bit Axe
13:46 Horse Collar
14:57 Fletching
21:35 Man-at-Arms
22:02 Arson
22:17 Squires
25:08 Wheelbarrow
25:27 Heavy Plow
26:17 Padded Archer Armor
26:12 Pikeman
26:54 Squires
27:11 Gold Mining
27:11 Stone Mining
27:49 Bow Saw
34:37 Imperial Age
32:38 Gambesons
32:54 Bodkin Arrow
33:15 Leather Archer Armor
34:25 Thumb Ring
35:34 Scale Mail Armor
35:45 Forging
36:51 Parthian Tactics
37:14 Town Watch
37:17 Halberdier
40:26 Heavy Cavalry Archer
44:50 Bracer
45:21 Ring Archer Armor
45:14 Ballistics
Connection lost

Rejoining the realm…

Still unreachable

The connection could not be restored.

Session expired

The server has moved on; the page needs a fresh start.